 Dungeon Crawl Stone Soup version 0.28-a0-1555-g9ae15a6949 (webtiles) character file.

Game seed: 10433730073677409448

10 Pin the Chopper (level 2, 26/26 HPs)
             Began as a Hill Orc Monk on Jan 19, 2022.
             Was a Believer of Trog.
             Quit the game on level 1 of the Dungeon.
             The game lasted 00:00:39 (571 turns).

Pin the Chopper (Hill Orc Monk)                      Turns: 571, Time: 00:00:40

Health: 26/26      AC:  2    Str: 13    XL:     2   Next: 20%
Magic:  2/2        EV: 12    Int: 10    God:    Trog [**....]
Gold:   41         SH:  0    Dex: 13    Spells: 1/1 levels left

rFire   . . .      SeeInvis .   a - +0 hand axe
rCold   . . .      Faith    .   (no shield)
rNeg    . . .      Spirit   .   b - +0 robe
rPois   .          Reflect  .   (no helmet)
rElec   .          Harm     .   (no cloak)
rCorr   .          Rampage  .   (no gloves)
Will    .....                   (no boots)
Stlth   ++........              (no amulet)
HPRegen 0.08/turn               (no ring)
MPRegen 0.08/turn               (no ring)

@: no status effects
A: no striking features
a: Renounce Religion, Berserk, Trog's Hand


You were on level 1 of the Dungeon.
You worshipped Trog.
Trog was pleased with you.
You visited 1 branch of the dungeon, and saw 1 of its levels.

You collected 41 gold pieces.

Inventory:

Hand Weapons
 a - a +0 hand axe (weapon)
Armour
 b - a +0 robe (worn)
Scrolls
 c - a scroll of amnesia {unknown}
 d - a scroll of enchant armour {unknown}
 f - a scroll of magic mapping {unknown}
Potions
 e - a potion of resistance {unknown}
 g - a potion of brilliance {unknown}


   Skills:
 - Level 3.6 Fighting
 - Level 4.0 Axes
 + Level 2.0 Armour
 - Level 2.4 Dodging
 - Level 1.5 Stealth


You had one spell level left.
You didn't know any spells.
Your spell library contained the following spells:

 Spells                   Type           Power      Damage    Failure   Level
 Shock                    Conj/Air       0%         1d3       36%         1
 Swiftness                Air            0%         N/A       75%         3
 Airstrike                Air            0%         N/A       98%         4


Dungeon Overview and Level Annotations

Branches:
Dungeon (1/15)

Altars:
Trog


Message History

No target in view!
No target in view!
No target in view!
No target in view!
You see here a hobgoblin corpse.
Found 22 stones.
e - an emerald potion A quokka comes into view.
Found a faded altar of an unknown god.
A quokka is nearby!
You see here a scroll labelled VUATHIERRIKH.
The quokka closely misses you.
You hit the quokka.
The quokka is heavily wounded.
The quokka misses you.
You hit the quokka.
You kill the quokka!
Your Armour skill increases to level 2!
No target in view!
No target in view!
No target in view!
No target in view!
No target in view!
No target in view!
No target in view!
No target in view!
No target in view!
No target in view!
No target in view!
No target in view!
f - a scroll labelled VUATHIERRIKH
g - a puce potion A quokka comes into view.
There is a faded altar of an unknown god here.
You cannot tell which god this altar belongs to.
Convert to them anyway?
Trog accepts your prayer! Trog welcomes you!
You can now go berserk at will.
You can now call upon Trog for regeneration and willpower.
Are you sure you want to abandon this character and quit the game? (Confirm with "yes".)

...............##........
#..###..###.###########
#...........#
#...........#
#.......###.#
#.........(.#
#...........#
#...........#
#..###@.###.#
#........^r.#
#........#### ##########


You could see a quokka (asleep).

Vanquished Creatures
  A bat (D:1)
  An endoplasm (D:1)
  A giant cockroach (D:1)
  A goblin (D:1)
  A hobgoblin (D:1)
  2 quokkas (D:1)
  A ball python (D:1)
8 creatures vanquished.

Notes
Turn   | Place    | Note
-------+----------+-------------------------------------------
     0 | D:1      | Pin the Hill Orc Monk began the quest for the Orb.
     0 | D:1      | Reached XP level 1. HP: 19/19 MP: 1/1
   242 | D:1      | Reached skill level 1 in Armour
   447 | D:1      | Reached XP level 2. HP: 25/26 MP: 2/2
   549 | D:1      | Found a faded altar of an unknown god.
   570 | D:1      | Prayed at the altar of an unknown god.
   570 | D:1      | Became a worshipper of Trog the Wrathful
   570 | D:1      | Reached * piety under Trog
   570 | D:1      | Reached ** piety under Trog
   571 | D:1      | Quit the game

Illustrated notes

Levels and vault maps discovered:
D:1:      lemuel_arrival_room, layout_loops_ring,
          hellmonk_ecumenical_altar_lost_god

Skill      XL: |  1  2 |
---------------+-------+-----
Armour         | 1 2 |  2.0
Fighting       | |  3.6
Axes           | |  4.0
Dodging        | |  2.4
Stealth        | |  1.5

Action                   || total
-------------------------++-------
Melee: Hand axe          ||    23
 Stab: Sleeping          ||     1
Armor: Robe              ||     2
Dodge: Dodged            ||    13

Table legend: (Time is in decaauts)
 A = Elapsed time spent in this place.
 B = Non-inter-level travel time spent in this place.
 C = Inter-level travel time spent in this place.
 D = Time resting spent in this place.
 E = Time spent auto-exploring this place.
 F = Levels seen in this place.
 G = Mean time per level.
                   A        B        C        D        E       F      G
               +--------+--------+--------+--------+--------+-----+--------+
         Total |    573 |    573 |      0 |      0 |    501 |   1 |  573.0 |
       Dungeon |    573 |    573 |      0 |      0 |    501 |   1 |  573.0 |
               +--------+--------+--------+--------+--------+-----+--------+

Top non-repeatable levels by time:
     D:1: 573 daAuts
